 Dungeon Crawl Stone Soup version 0.29.1-15-g9cfb28693d (webtiles) character file.

Game seed: 11077748119779421800

5 Heoruswealwe the Digger (level 1, 0/10 HPs)
             Began as a Deep Elf Earth Elementalist on Apr 12, 2023.
             Was a Follower of Nemelex Xobeh.
             Slain by a kobold
             ... wielding a +0 short sword
              (3 damage)
             ... on level 3 of the Dungeon.
             The game lasted 00:01:54 (142 turns).

Heoruswealwe the Digger (DEEE)                       Turns: 142, Time: 00:01:55

Health: 0/10       AC:  2    Str:  5    XL:     1   Next: 66%
Magic:  0/6        EV: 12    Int: 19    God:    Nemelex Xobeh [*.....]
Gold:   8          SH:  0    Dex: 15    Spells: 5/6 levels left

rFire   . . .      SeeInvis .   (no weapon)
rCold   . . .      Faith    .   (no shield)
rNeg    . . .      Spirit   .   a - +0 robe
rPois   .          Reflect  .   (no helmet)
rElec   .          Harm     .   (no cloak)
rCorr   .          Rampage  .   (no gloves)
Will    .....                   (no boots)
Stlth   ++........              (no amulet)
HPRegen 0.03/turn               (no ring)
MPRegen 0.10/turn               (no ring)

@: no status effects
A: no striking features
a: Renounce Religion, Draw Escape, Draw Destruction, Draw Summoning


You were on level 3 of the Dungeon.
You worshipped Nemelex Xobeh.
Nemelex Xobeh was aware of your devotion.
You visited 1 branch of the dungeon, and saw 3 of its levels.

You collected 8 gold pieces.

Inventory:

Armour
 a - a +0 robe (worn)
Potions
 b - a potion of magic
 c - a potion of curing {unknown}


   Skills:
 - Level 2.4 Dodging
 - Level 2.4 Stealth
 + Level 3.3 Spellcasting
 - Level 1.1 Transmutations
 + Level 3.5 Earth Magic


You had 5 spell levels left.
You knew the following spells:

 Your Spells              Type           Power      Damage    Failure   Level
a - Sandblast             Erth           32%        2d9       3%          1

Your spell library contained the following spells:

 Spells                   Type           Power      Damage    Failure   Level
 Passwall                 Tmut/Erth      9%         N/A       9%          2
 Summon Small Mammal      Summ           12%        N/A       14%         1
 Stone Arrow              Conj/Erth      18%        3d8       22%         3
 Petrify                  Tmut/Erth      11%        N/A       50%         4


Dungeon Overview and Level Annotations

Branches:
Dungeon (3/15)

Altars:
Nemelex Xobeh


Message History

Nothing appears to happen.
The blast of sand hits the goblin.
You kill the goblin!
You see here a +0 dagger.
There is a stone staircase leading down here.
c - a gluggy clear potion Your magical contamination has completely faded away.
There is a stone staircase leading down here.
You climb downwards.
The kobold shouts!
Found 7 gold pieces.
There is a stone staircase leading up here.
The blast of sand hits the kobold but does no damage.
You are out of magic!
You hit the kobold but do no damage. The bat hits you but does no damage.
The bat closely misses you.
The kobold hits you with a +0 short sword.
You hit the kobold.
The kobold is heavily wounded.
The bat closely misses you. The kobold misses you.
You miss the kobold.
The kobold is heavily wounded.
The bat barely misses you. The kobold closely misses you.
You miss the kobold.
The kobold is heavily wounded.
The bat hits you but does no damage. The bat closely misses you.
The bat barely misses you. The kobold hits you but does no damage.
You closely miss the kobold.
The kobold is heavily wounded.
The bat barely misses you.
The kobold hits you with a +0 short sword.
The bat hits you.
* * * LOW HITPOINT WARNING * * *
You hear a distant slurping noise.
You miss the kobold.
The kobold is heavily wounded.
The bat barely misses you.
The kobold hits you with a +0 short sword.
You die...
Your body disappears without a glow.

####
#..#
#..#
#..#
$.#
#.##b#
#..K@#
######


You could see a bat and a kobold.

Vanquished Creatures
  3 goblins
  A ball python (D:2)
  2 bats (D:2)
6 creatures vanquished.

Vanquished Creatures (others)
  3 fungi (D:2)
  A plant (D:2)
4 creatures vanquished.

Grand Total: 10 creatures vanquished

Notes
Turn   | Place    | Note
-------+----------+-------------------------------------------
     0 | D:1      | Heoruswealwe the Deep Elf Earth Elementalist began the
                  | quest for the Orb.
     0 | D:1      | Reached XP level 1. HP: 10/10 MP: 6/6
    67 | D:1      | You fall into a shaft and drop 1 floor!
    86 | D:2      | Found a faded altar of an unknown god.
   100 | D:2      | Got Plato's Vellum of the Congregation
   101 | D:2      | Prayed at the altar of an unknown god.
   101 | D:2      | Became a worshipper of Nemelex Xobeh the Trickster
   101 | D:2      | Reached * piety under Nemelex Xobeh
   142 | D:3      | Slain by a kobold

Illustrated notes

Levels and vault maps discovered:
D:1:      lemuel_arrival_tunnels, layout_basic, minmay_tetromino_o2
D:2:      layout_loops_ring, shapermc_ecumenical_altar_rom_forum,
          kennysheep_generic_room_5
D:3:      layout_basic, uniq_crazy_yiuf_cottage, uniq_robin

Action                   || total
-------------------------++-------
Melee: Unarmed           ||     7
 Cast: Sandblast         ||    10
 Stab: Sleeping          ||     1
Armor: Robe              ||     8
Dodge: Dodged            ||    17
